 Dungeon Crawl Stone Soup version 0.19-a0-1922-g1e9a4c1 (webtiles) character file.

267 Kaname the Charmwright (level 6, 0/44 HPs)
             Began as a Demonspawn Skald on Oct 23, 2016.
             Slain by a quokka (2 damage)
             ... on level 3 of the Dungeon.
             The game lasted 00:12:03 (3706 turns).

Kaname the Charmwright (Demonspawn Skald)           Turns: 3706, Time: 00:12:04

Health: 0/44       AC:  4    Str: 13    XL:     6   Next: 0%
Magic:  0/9        EV: 11    Int: 17    God:
Gold:   103        SH:  0    Dex: 12    Spells: 4 memorised, 1 level left

rFire  . . .     SeeInvis .     h - +0 hunting sling
rCold  . . .     Gourm    .     b - +0 leather armour
rNeg   . . .     Faith    .     (no shield)
rPois  .         Spirit   +     (helmet restricted)
rElec  .         Reflect  .     (no cloak)
rCorr  .         Harm     .     (no gloves)
MR     .....                    a - +0 pair of boots
Stlth  ++........               (no amulet)
                                (no ring)
                                q - +2 ring of intelligence

@: no status effects
A: antennae 1, talons 2, mutation resistance 1, magic shield
a: no special abilities


You were on level 3 of the Dungeon.
You were not hungry.

You visited 1 branch of the dungeon, and saw 3 of its levels.

You collected 103 gold pieces.

Inventory:

Hand Weapons
 h - a +0 hunting sling (weapon)
 l - a +0 blowgun
Missiles
 i - 157 stones (quivered)
 u - 6 poisoned needles
Armour
 a - a +0 pair of boots (worn)
 b - a +0 leather armour (worn)
Jewellery
 q - a +2 ring of intelligence (left hand)
Wands
 o - a wand of lightning (7/15)
Scrolls
 e - a scroll of enchant armour {unknown}
 g - a scroll of teleportation {unknown}
 j - a scroll of noise {unknown}
 m - a scroll of remove curse {unknown}
 r - a scroll of fear {unknown}
Potions
 f - a potion of brilliance {unknown}
 k - a potion of curing
 n - 2 potions of magic
 s - a potion of berserk rage {unknown}
 t - a potion of heal wounds {unknown}
 v - a potion of lignification {unknown}
Books
 c - a book of Battle

   Spells                             Type                      Level
   a - Infusion                       Charms                       1
   b - Shroud of Golubria             Charms/Translocation         2
   c - Song of Slaying                Charms                       2
   d - Spectral Weapon                Hexes/Charms                 3
   e - Regeneration                   Charms/Necromancy            3
Comestibles
 d - 3 bread rations
 p - a meat ration
 w - 4 chunks of flesh


   Skills:
 - Level 2.0 Fighting
   Level 1.7 Short Blades
 - Level 0.8 Armour
 - Level 0.8 Dodging
 + Level 3.0 Stealth
 - Level 2.0 Spellcasting
 - Level 5.3 Charms


You had one spell level left.
You knew the following spells:

 Your Spells              Type           Power        Failure   Level  Hunger
a - Infusion              Chrm           ###.         3%          1    #......
b - Song of Slaying       Chrm           ###.....     6%          2    ###....
c - Shroud of Golubria    Chrm/Tloc      ##........   14%         2    ###....
d - Regeneration          Chrm/Necr      ##........   28%         3    ###....


Dungeon Overview and Level Annotations

Branches:
Dungeon (3/15)

Altars:


Innate Abilities, Weirdness & Mutations

You have a pair of small antennae on your head.
You have razor-sharp toenails.
When hurt, damage is shared between your health and your magic reserves.
You are somewhat resistant to further mutation.


Message History

* * * LOW HITPOINT WARNING * * *
The quokka bites you but does no damage.
The quokka barely misses you. The quokka closely misses you.
The quokka bites you.
* * * LOW HITPOINT WARNING * * *
The quokka bites you.
* * * LOW HITPOINT WARNING * * *
The quokka bites you but does no damage.
The quokka bites you but does no damage.
The quokka bites you but does no damage.
The quokka bites you.
* * * LOW HITPOINT WARNING * * *
The quokka bites you but does no damage.
The quokka barely misses you. The quokka bites you.
* * * LOW HITPOINT WARNING * * *
The quokka closely misses you. The quokka bites you.
You die...

#.# # #.# #.#..#
#### #.###.#..#
.... ........).
##########.....#..#
..................#
####.#####........#
####†## #.....r..#
#.....# #J###.#@#
#.....####.# #)# #
#.....#....# # #.#
.# #....†o...o#
#.#.##.#
#.....#...##
#......#
#.....#...#
####.###
#######...## #..#
...........## ##.##
####........# #..#


You could see a quokka.

Vanquished Creatures
  An ogre (D:2)
  An orc priest (D:3)
  An orc wizard (D:3)
  A gnoll (D:1)
  4 adders
  An ooze (D:3)
  3 worms
  2 dart slugs (D:2)
  A leopard gecko (D:3)
  3 orcs (D:3)
  A ball python (D:2)
  3 bats
  A giant cockroach (D:2)
  8 goblins
  3 hobgoblins
  12 jackals
  5 kobolds
  4 frilled lizards
  4 rats
59 creatures vanquished.

Notes
Turn   | Place    | Note
-------+----------+-------------------------------------------
     0 | D:1      | Kaname the Demonspawn Skald began the quest for the Orb.
     0 | D:1      | Reached XP level 1. HP: 16/16 MP: 3/3
   242 | D:1      | Reached skill level 3 in Charms
   242 | D:1      | Gained mutation: When hurt, damage is shared between your health and your magic reserves. [demonic ancestry]
   242 | D:1      | Reached XP level 2. HP: 15/22 MP: 5/5
   843 | D:2      | Gained mutation: You have sharp toenails. [demonic ancestry]
   843 | D:2      | Reached XP level 3. HP: 25/27 MP: 4/6
  1071 | D:2      | Upgraded the game from 0.19-a0-1920-g83281cb to 0.19-a0-1922-g1e9a4c1
  1176 | D:2      | Reached skill level 4 in Charms
  1765 | D:2      | Gained mutation: You have razor-sharp toenails. [demonic ancestry]
  1765 | D:2      | Reached XP level 4. HP: 22/33 MP: 3/7
  2133 | D:2      | Noticed an ogre
  2276 | D:3      | Learned a level 2 spell: Song of Slaying
  2279 | D:3      | Learned a level 2 spell: Shroud of Golubria
  2728 | D:3      | Reached skill level 5 in Charms
  2736 | D:3      | Reached XP level 5. HP: 12/38 MP: 4/8
  2741 | D:3      | Learned a level 3 spell: Regeneration
  3118 | D:3      | Reached skill level 1 in Stealth
  3135 | D:3      | Gained mutation: You are somewhat resistant to further mutation. [potion of mutation]
  3466 | D:2      | Killed an ogre
  3640 | D:3      | Gained mutation: You have a pair of small antennae on your head. [demonic ancestry]
  3640 | D:3      | Reached XP level 6. HP: 33/44 MP: 9/9
  3704 | D:3      | HP: 1/44 [quokka (2)]
  3706 | D:3      | Slain by a quokka

Vault maps used:
D:1:      dpeg_arrival_houses_and_road
D:2:      nicolae_underground_beach

Skill      XL: |  1  2  3  4  5 |
---------------+----------------+-----
Charms         | 3 4 5 |  5.3
Stealth        | 3 |  3.0
Fighting       | |  2.0
Short Blades   | |  1.7
Armour         | |  0.8
Dodging        | |  0.8
Spellcasting   | |  2.0

Action                   |  1- 3 |  4- 6 || total
-------------------------+-------+-------++-------
Melee: Short sword       |     1 |       ||     1
       Hunting sling     |       |     1 ||     1
 Fire: Hunting sling     |   176 |   133 ||   309
       Blowgun           |       |     3 ||     3
 Cast: Regeneration      |       |     2 ||     2
Evoke: Wand              |       |     1 ||     1
  Use: Potion            |       |     2 ||     2
       Scroll            |       |     2 ||     2
  Eat: Chunk             |     2 |     7 ||     9
Armor: Leather armour    |    20 |    42 ||    62
Dodge: Dodged            |    48 |    68 ||   116
